Unix NetHack Version 5.0.0-0 post-release - last build Jun 10 2026 00:39:30 (3ee93aec679c4c4259841fe613dc97188e26a321,branch:main).

Game began 2026-06-14 03:09:57, ended 2026-06-14 03:13:28.

DiePARTEI, neutral female human Tourist

                                ----
                                |..---------
        ---                     |..........---
       --.--                   --..-------...---- ------              ----
       |...--                  |...|..------....| |....-----        ---..|
       |....----------         |.|......|  ----.----.......---      |....|
----   |..-..........----      |.|......--    |..-----.......|      |.----
|..|   |...--.------....|      |.|-......--   --.............---    |.|
|..-----........-------.---   --.||.......-----------..........------.|   ---
--...|.......|....--  |...--  |..||.|.........--    -----........|....|  --.--
 |..........---....|  ---..---|.-||.|-.........|  ----...............-|---.-.|
 --......---- --...|    |....--..-|.||.........----....|..............--.....|
  ---.-..|    --..--    ----......|.----..............--.....................|
    |-..--   --...|        ---...-|..........................................|
    |..--    |....--        |....-|..-----....--.............................|
    |.-|     |.....|        --....|---   |....|----......................--..--
    |..--    ---...|         --..--      ---.--   --.........)<..........||...|
    |...|      |..--          |..|         ---     --..>....@G..........----.--
    |..--      |..|           ----                  --......G.......-----  ---
    ----       ----                                  ---.--.--.------
                                                       ---------
DiePARTEI the Rambler       St:11 Dx:7 Co:16 In:10 Wi:12 Ch:17  Neutral
Dlvl:4  $:488 HP:0(10) Pw:2(2) AC:10 Xp:1 T:232 

Latest messages:
 The kobold misses the kitten.
 The kitten misses the kobold.
 You miss the kobold.
 The kitten bites the kobold.
 The kobold is killed!
 You swap places with your kitten.
 You swap places with your kitten.
 You swap places with your kitten.
 You swap places with your kitten.
 You see here a food ration.
 You learn more about your items by comparing them.
 c - an uncursed food ration (4 in total).
 You see here a food ration.
 You learn more about your items by comparing them.
 c - an uncursed food ration (5 in total).
 With great effort you move the boulder.
 You try to move the boulder, but in vain.
 You try to move the boulder, but in vain.
 You swap places with your kitten.
 You swap places with your kitten.
 You swap places with your kitten.
 You stop.  Your kitten is in the way!
 You swap places with your kitten.
 You descend the stairs.
 You climb up the stairs.
 You descend the stairs.
 The gnome hits!
 The kitten bites the gnome.
 The gnome is killed!
 What do you want to use or apply? [elmq or ?*] q
 Your lamp is now on.
 Your kitten eats a gnome corpse.
 The gnome wields a bow!
 What do you want to read? [ijnr or ?*] i
 As you read the scroll, it disappears.
 A map coalesces in your mind!
 You hear some noises in the distance.
 You have a sad feeling for a moment, then it passes.
 You descend the stairs.
 What do you want to read? [ijnr or ?*] i
 As you read the scroll, it disappears.
 A map coalesces in your mind!
 The gnome lord hits!
 The gnome wields a crossbow!
 You fall into a pit!
 The gnome hits!
 You are still in a pit.
 You are hit by a crossbow bolt!
 You die...
 Do you want your possessions identified? [ynq] (y) q

Inventory:
 Coins    ('$')
  $ - 488 gold pieces
 Weapons  (')')
  a - 28 +2 darts (at the ready)
 Armor    ('[')
  k - an uncursed +0 Hawaiian shirt with a giant eel motif (being worn)
 Comestibles  ('%')
  b - 2 uncursed cloves of garlic
  e - an uncursed cream pie
  c - 5 uncursed food rations
  d - 2 uncursed fortune cookies
  f - an uncursed tripe ration
  p - an uncursed homemade tin of lichen
  g - 2 uncursed tins of sauteed newt meat
 Scrolls  ('?')
  n - an uncursed scroll of earth
  r - 2 uncursed scrolls of light
  j - a blessed scroll of magic mapping
  i - an uncursed scroll of magic mapping
 Potions  ('!')
  h - 2 uncursed potions of extra healing
 Tools    ('(')
  m - an uncursed credit card
  l - an expensive camera (0:46)
  q - an uncursed oil lamp (lit)
 Gems/Stones  ('*')
  o - an uncursed worthless piece of red glass

DiePARTEI the Tourist's attributes:

Background:
 You were a Rambler, a level 1 female human Tourist.
 You were neutral, on a mission for The Lady
 who was opposed by Blind Io (lawful) and Offler (chaotic).
 You were left-handed.
 You were in the Gnomish Mines, on level 4.
 You entered the dungeon 232 turns ago.
 It was nighttime.
 There was a new moon in effect when your adventure ended.
 You had 9 experience points, 11 more were needed to attain level 2.

Basics:
 You had 0 out of 10 hit points.
 You had both energy points (spell power).
 Your armor class was 10.
 Your wallet contained 488 zorkmids.
 Autopickup was off.

Final Characteristics:
 Your strength was 11 (limit:18/100).
 Your dexterity was 7 (limit:18).
 Your constitution was 16 (limit:18).
 Your intelligence was 10 (limit:18).
 Your wisdom was 12 (limit:18).
 Your charisma was 17 (limit:18).

Final Status:
 You were trapped in a pit.
 You weren't hungry.
 You were unencumbered.
 You were bare handed.
 You were unskilled in bare handed combat.

Final Attributes:
 You were nominally aligned.
 You are dead.

Miscellaneous:
 You didn't encounter any bones levels.
 Total elapsed playing time was 3 minutes and 30 seconds.

Major events:
 Turn
    1: DiePARTEI the neutral female human Tourist entered the dungeon
  212: entered the Gnomish Mines
  232: killed by a crossbow bolt

You didn't know any spells.

Skills:
 Fighting Skills
   bare handed combat [Unskilled]
   two weapon combat  [Unskilled]
   riding             [Unskilled]
 Weapon Skills
   dagger             [Unskilled]
   knife              [Unskilled]
   axe                [Unskilled]
   pick-axe           [Unskilled]
   short sword        [Unskilled]
   broadsword         [Unskilled]
   long sword         [Unskilled]
   two-handed sword   [Unskilled]
   saber              [Unskilled]
   mace               [Unskilled]
   morning star       [Unskilled]
   flail              [Unskilled]
   hammer             [Unskilled]
   quarterstaff       [Unskilled]
   polearms           [Unskilled]
   spear              [Unskilled]
   trident            [Unskilled]
   lance              [Unskilled]
   bow                [Unskilled]
   sling              [Unskilled]
   crossbow           [Unskilled]
   dart               [Basic]
   shuriken           [Unskilled]
   boomerang          [Unskilled]
   whip               [Unskilled]
   unicorn horn       [Unskilled]
 Spellcasting Skills
   divination spells  [Unskilled]
   enchantment spells [Unskilled]
   escape spells      [Unskilled]

Voluntary challenges:
 Character rerolling was not enabled.
 You went without food.
 You were an atheist.
 You never hit with a wielded weapon.
 You were a pacifist.
 You never genocided any monsters.
 You never polymorphed an object.
 You never changed form.
 You used no wishes.
Achievements:
 You entered a shop.
 You entered the Gnomish Mines.

 The Dungeons of Doom: levels 1 to 2
    Level 1:
    Level 2:
       A general store.
       Stairs down to The Gnomish Mines.
 The Gnomish Mines: levels 3 to 4
    Level 3:
    Level 4: <- You were here.
       Final resting place for
          you, killed by a crossbow bolt.


Vanquished creatures:
  a kitten
  a gnome
  a jackal
  a kobold
  a grid bug
5 creatures vanquished.

No species were genocided or became extinct.

Game over:
                       ----------
                      /          \
                     /    REST    \
                    /      IN      \
                   /     PEACE      \
                  /                  \
                  |    DiePARTEI     |
                  |      488 Au      |
                  |   killed by a    |
                  |  crossbow bolt   |
                  |                  |
                  |                  |
                  |       2026       |
                 *|     *  *  *      | *
        _________)/\\_//(\/(/\)/\//\/|_)_______

Aloha DiePARTEI the Tourist...

You died in The Gnomish Mines on dungeon level 4 with 196 points,
and 488 pieces of gold, after 232 moves.
You were level 1 with a maximum of 10 hit points when you died.

